 Dungeon Crawl Stone Soup version 0.19-a0-1490-g5dd3618 (webtiles) character file.

5044 jacquesderrida the Fighter (level 10, -1/57 HPs)
             Began as a Vine Stalker Wanderer on Sept 8, 2016.
             Was an Initiate of Ashenzari.
             Slain by a troll (8 damage)
             ... on level 11 of the Dungeon.
             The game lasted 00:23:02 (4758 turns).

jacquesderrida the Fighter (Vine Stalker Wanderer)  Turns: 4758, Time: 00:23:04

Health: -1/57      AC: 12    Str: 16    XL:     10   Next: 55%
Magic:  0/11       EV: 15    Int: 14    God:    Ashenzari [......]
Gold:   446        SH:  0    Dex: 14    Spells: 0 memorised, 9 levels left

rFire  + . .     SeeInvis .     r - +1 scimitar
rCold  . . .     Gourm    .     B - +0 mottled dragon armour (curse)
rNeg   . . .     Faith    .     (no shield)
rPois  +         Spirit   +     D - +1 helmet
rElec  .         Dismiss  .     (no cloak)
rCorr  .         Reflect  .     y - +0 pair of gloves
MR     +....     Harm     .     b - +0 pair of boots
Stlth  +.........               l - amulet of regeneration (curse)
                                t - ring of poison resistance
                                n - ring of protection from fire

@: studying Shields
A: fangs 3, regeneration 1, magic shield, antimagic bite, no device heal 3, rot
immunity
a: Curse Item, Renounce Religion


You were on level 11 of the Dungeon.
You worshipped Ashenzari.
Ashenzari was noncommittal.
You were not hungry.

You visited 2 branches of the dungeon, and saw 12 of its levels.

You collected 446 gold pieces.

Inventory:

Hand Weapons
 a - a cursed -2 long sword
 g - a +2 whip of venom
 h - a +0 falchion
 r - a +1 scimitar (weapon)
 v - a +0 morningstar
 A - a +0 blowgun
 G - a +1 trident of protection
Armour
 b - a +0 pair of boots (worn)
 y - a +0 pair of gloves (worn)
 B - a cursed +0 mottled dragon armour (worn)
 D - a +1 helmet (worn)
 N - a +2 leather armour of fire resistance
Jewellery
 l - a cursed amulet of regeneration (around neck)
 m - an uncursed ring of magical power
 n - a ring of protection from fire (left hand)
 t - a ring of poison resistance (right hand)
 u - an uncursed amulet of faith
Wands
 E - a wand of polymorph (0/24)
 H - a wand of heal wounds (9/9)
Scrolls
 f - a scroll of recharging
 i - 2 scrolls of noise
 k - a scroll of enchant armour
 p - 3 scrolls of remove curse
 L - 4 scrolls of teleportation
Potions
 c - 3 potions of lignification
 e - 2 potions of magic
 o - a potion of might
 q - 3 potions of brilliance
 s - 5 potions of agility
 w - a potion of ambrosia {unknown}
 z - 3 potions of curing
 C - 2 potions of flight
 F - a potion of berserk rage
 K - a potion of resistance
Books
 M - a manual of Shields
Comestibles
 d - 3 bread rations
 j - 2 meat rations
 I - a slice of pizza
 J - 6 fruits
 O - 4 chunks of flesh


   Skills:
 - Level 8.5 Fighting
 + Level 7.0 Long Blades
   Level 1.0 Axes
 - Level 6.1 Armour
 - Level 6.1 Dodging
 - Level 1.2 Stealth
 - Level 1.0 Shields


You had 9 spell levels left.
You didn't know any spells.

Dungeon Overview and Level Annotations

Branches:
Dungeon (11/15)            Temple (1/1) D:5            Lair (0/6) D:9
    Orc: D:9-12

Altars:
Ashenzari
Elyvilon
Gozag
Hepliaklqana
Nemelex Xobeh
Okawaru
Qazlal
Sif Muna
Vehumet
Yredelemnul

Shops:
D:9 [


Innate Abilities, Weirdness & Mutations

You have razor-sharp teeth.
Your natural rate of healing is unusually fast.
When hurt, damage is shared between your health and your magic reserves.
Your bite disrupts and absorbs the magic of your enemies.
Potions and wands cannot restore your health.
You are immune to rotting.


Message History

The troll is moderately wounded.
The troll bites you! The troll closely misses you.
The troll claws you but does no damage.
You slash the troll!
The troll is heavily wounded.
The troll bites you. The troll completely misses you. The troll misses you.
You barely miss the troll. Your bite misses the troll.
The troll is heavily wounded.
The troll bites you! The troll barely misses you. The troll claws you.
You barely miss the troll. Your bite misses the troll.
The troll is heavily wounded.
The troll bites you! The troll barely misses you. x2
You barely miss the troll. Your bite misses the troll.
The troll is moderately wounded.
The troll bites you.
* * * LOW HITPOINT WARNING * * *
The troll claws you!
* * * LOW HITPOINT WARNING * * *
The troll claws you!
You die...

#... #..## ..... ... #
....# #.###.#.# #.#..#
#....T..# .#..# #@#
...# ##'## #..###
##...## #....
##.....## ##.##
##.......##
#####...####.........#
...........'.).......+
#####...####.........#
##.## ##.......##


You could see a troll.

Vanquished Creatures
  An elephant (D:9)
  Grinder (D:6)
  Sigmund (D:3)
  A hippogriff (D:8)
  Duvessa (D:7)
  A swamp drake (D:8)
  2 ice beasts
  2 orc warriors
  2 sky beasts (D:5)
  3 phantoms
  10 ogres
  3 centaurs
  A big kobold (D:8)
  4 giant frogs
  A gnoll sergeant (D:8)
  Dowan (D:7)
  3 scorpions
  4 killer bees
  4 howler monkeys
  2 crimson imps (D:6)
  2 centaur zombies (D:6)
  2 hounds
  5 orc priests
  3 gnoll shamans (D:8)
  5 orc wizards
  A giant frog skeleton (D:9)
  4 iguanas
  7 worker ants
  18 gnolls
  A howler monkey skeleton (D:4)
  6 adders
  2 shadow imps
  An ooze (D:4)
  3 adder skeletons
  4 worms
  5 giant geckos
  24 orcs
  2 ball pythons
  4 bats
  2 giant cockroaches
  9 goblins
  4 hobgoblins
  5 quokkas
  A giant cockroach zombie (D:5)
  4 giant newts
  A jackal skeleton (D:7)
  6 kobolds
  A quokka skeleton (D:5)
  8 rats
  2 fungi (D:8)
  2 plants (D:8)
192 creatures vanquished.

Vanquished Creatures (others)
  2 fungi (D:8)
  A plant (D:8)
3 creatures vanquished.

Grand Total: 195 creatures vanquished

Notes
Turn   | Place    | Note
-------+----------+-------------------------------------------
     0 | D:1      | jacquesderrida the Vine Stalker Wanderer began the quest for the Orb.
     0 | D:1      | jacquesderrida set off with: a +2 hand axe, a +0 ring mail, a potion of lignification, a bread ration
     0 | D:1      | Reached XP level 1. HP: 12/12 MP: 2/2
    85 | D:1      | Reached skill level 4 in Fighting
    85 | D:1      | Reached XP level 2. HP: 16/17 MP: 3/3
   220 | D:2      | Found a faded altar of an unknown god.
   262 | D:2      | Reached XP level 3. HP: 11/21 MP: 4/4
   366 | D:3      | Noticed Sigmund
   370 | D:3      | Reached skill level 5 in Fighting
   370 | D:3      | Gained mutation: Your natural rate of healing is unusually fast. [Vine Stalker growth]
   370 | D:3      | Reached XP level 4. HP: 23/27 MP: 5/5
   625 | D:4      | Reached XP level 5. HP: 29/30 MP: 3/6
   823 | D:4      | Noticed a phantom
   846 | D:4      | Reached XP level 6. HP: 31/35 MP: 7/7
   891 | D:4      | Killed a phantom
   913 | D:4      | Found a white marble altar of Elyvilon.
   932 | D:5      | Entered Level 5 of the Dungeon
   963 | D:5      | Noticed a sky beast
   973 | D:5      | Killed a sky beast
   987 | D:5      | Noticed an ice beast
  1034 | D:5      | Killed an ice beast
  1034 | D:5      | Reached skill level 6 in Fighting
  1034 | D:5      | Reached XP level 7. HP: 24/40 MP: 3/8
  1602 | D:6      | Noticed Grinder
  1624 | D:6      | Killed Grinder
  1624 | D:6      | Gained mutation: You have razor-sharp teeth. [Vine Stalker growth]
  1624 | D:6      | Reached XP level 8. HP: 15/45 MP: 3/9
  1788 | D:6      | Reached skill level 1 in Long Blades
  1832 | D:6      | Reached skill level 7 in Fighting
  1982 | D:7      | Noticed Duvessa
  1982 | D:7      | Noticed Dowan
  1999 | D:7      | Killed Duvessa
  2061 | D:7      | Killed Dowan
  2061 | D:7      | Reached skill level 5 in Dodging
  2061 | D:7      | Reached XP level 9. HP: 50/50 MP: 10/10
  2292 | D:5      | Found a sparkling altar of Nemelex Xobeh.
  2512 | D:3      | Killed Sigmund
  2512 | D:3      | Reached skill level 5 in Armour
  3031 | D:5      | Found a staircase to the Ecumenical Temple.
  3038 | Temple   | Entered the Ecumenical Temple
  3044 | Temple   | Became a worshipper of Ashenzari the Shackled
  3303 | D:8      | Reached skill level 8 in Fighting
  3523 | D:8      | Reached XP level 10. HP: 42/56 MP: 9/11
  3967 | D:8      | Reached skill level 5 in Long Blades
  4240 | D:10     | Entered Level 10 of the Dungeon
  4412 | D:9      | Found Deohed's Antique Armour Shoppe.
  4421 | D:9      | Found a staircase to the Lair.
  4422 | D:9      | Noticed an elephant
  4469 | D:9      | Killed an elephant
  4758 | D:11     | Slain by a troll

Vault maps used:
D:1:      dpeg_arrival_subterranean_lakeside_camping, minmay_misc_feat_ornament
D:2:      ecumenical_altar_2
D:3:      uniq_sigmund
D:4:      lemuel_crystal_altar, marbit_many_paths
D:5:      nicolae_overflow_crystal_walls, first_bread
D:6:      uniq_grinder
D:7:      uniq_duvessa
D:8:      kennysheep_seaside_town, serial_shops, shop
D:9:      david_lair_generic, david_orc_1_choice, serial_shops,
          nicolae_shop_waterfront
Temple:   eino_narrow_crystal_temple

Skill      XL: |  1  2  3  4  5  6  7  8  9 10 |
---------------+-------------------------------+-----
Fighting       | 4 5 6 7 8 |  8.5
Dodging        | 2 3 4 5 6 |  6.1
Armour         | 2 3 4 5 6 |  6.1
Long Blades    | 2 4 7 |  7.0
Axes           | |  1.0
Stealth        | |  1.2
Shields        | |  1.0

Action                   |  1- 3 |  4- 6 |  7- 9 | 10-12 || total
-------------------------+-------+-------+-------+-------++-------
Melee: Hand axe          |     5 |       |       |       ||     5
       Whip              |    49 |    94 |   412 |   112 ||   667
       Bite              |    12 |    30 |   161 |   104 ||   307
       Morningstar       |       |    12 |    14 |       ||    26
       Scimitar          |       |       |       |   129 ||   129
Throw: Throwing net      |       |       |       |     1 ||     1
Invok: Curse Item        |       |       |       |     2 ||     2
Evoke: Wand              |       |       |       |     2 ||     2
  Use: Scroll            |       |       |    13 |     7 ||    20
 Stab: Confused          |       |       |       |     2 ||     2
  Eat: Chunk             |       |       |     6 |     5 ||    11
       Pizza             |       |       |     1 |       ||     1
       Beef jerky        |       |       |     1 |       ||     1
Armor: Ring mail         |     3 |       |       |       ||     3
       Scale mail        |    19 |    36 |    16 |       ||    71
       Mottled dragon ar |       |       |   163 |    34 ||   197
Dodge: Dodged            |    24 |    48 |   341 |   118 ||   531
